 Dungeon Crawl Stone Soup version 0.30-a0-629-gd54f4be4f7 (webtiles) character file.

Game seed: 2712216585085465028

46 Sabo the Firebug (level 3, -1/21 HPs)
             Began as an Octopode Fire Elementalist on Jan 12, 2023.
             Killed by nerve-wracking pain
             ... invoked by an orc priest
              (7 damage)
             ... on level 3 of the Dungeon.
             The game lasted 00:11:52 (2284 turns).

Sabo the Firebug (Octopode Fire Elementalist)       Turns: 2284, Time: 00:11:53

Health: -1/21      AC:  1    Str:  7    XL:     3   Next: 66%
Magic:  1/6        EV: 13    Int: 19    God:
Gold:   135        SH:  0    Dex: 12    Spells: 3/6 levels left

rFire   . . .      SeeInvis .    l - +1 dagger (speed)
rCold   . . .      Faith    .    (no shield)
rNeg    . . .      Spirit   .    (helmet restricted)
rPois   .          Reflect  .    (no amulet)
rElec   .          Harm     .    (no ring)
rCorr   .          Rampage  .    (no ring)
Will    .....                    (no ring)
Stlth   +++                      (no ring)
HPRegen 0.23/turn                (no ring)
MPRegen 0.10/turn                (no ring)
                                 (no ring)
                                 (no ring)

@: no status effects
A: almost no armour, amphibious, 8 rings, camouflage 1, gelatinous body 1,
(nimble swimmer 1), tentacles
a: no special abilities


You were on level 3 of the Dungeon.
You visited 1 branch of the dungeon, and saw 3 of its levels.

You collected 135 gold pieces.

Inventory:

Hand Weapons
 c - a +0 short sword of venom
 l - a +1 dagger of speed (weapon)
 m - a +0 hand axe
Missiles
 d - 3 poisoned darts (quivered)
 f - a throwing net
Jewellery
 h - a ring of wizardry
Scrolls
 e - a scroll of teleportation
 g - a scroll of fear
 j - 2 scrolls of silence
Potions
 a - a potion of magic
 b - a potion of invisibility {unknown}
 i - a potion of curing {unknown}
 k - 2 potions of mutation


   Skills:
 + Level 0.4 Short Blades
 + Level 2.3 Dodging
 + Level 2.9 Stealth
 + Level 2.4 Spellcasting
 + Level 1.1 Conjurations
 + Level 3.8 Fire Magic


You had 3 spell levels left.
You knew the following spells:

 Your Spells              Type           Power      Damage    Failure   Level
a - Foxfire               Conj/Fire      44%        2x1d6     6%          1
b - Scorch                Fire           34%        2d7       4%          2

Your spell library contained the following spells:

 Spells                   Type           Power      Damage    Failure   Level
 Inner Flame              Hex/Fire       9%         N/A       22%         3
 Kindle Blastsparks       Fire/Tloc/Air  14%        2d11      28%         3
 Flame Wave               Conj/Fire      11%        2d6       50%         4


Dungeon Overview and Level Annotations

Branches:
Dungeon (3/15)

Altars:


Innate Abilities, Weirdness & Mutations

You cannot wear most types of armour.
You are amphibious.
You can wear up to eight rings at the same time.
Your skin changes colour to match your surroundings (Stealth+).
Your rubbery body absorbs attacks. (AC +1, EV +1)
((You are camouflaged when in or above water. (Stealth+)))
You have tentacles for arms and can constrict up to eight enemies at once.


Message History

There are no items here.
An orc comes into view. It is wielding a +0 hand axe.
The orc shouts!
You hear an angry hiss.
Casting: Scorch (safe; 4% risk of failure)
Confirm with . or Enter, or press ? or * to list all spells.
Flames lash the orc.
The orc is almost dead.
The orc's fire resistance burns away.
You hear a shout!
Unknown command.
Casting: Scorch (safe; 4% risk of failure)
Confirm with . or Enter, or press ? or * to list all spells.
Flames lash the orc but do no damage.
Unknown command.
You barely miss the orc. You grab the orc.
The orc is almost dead.
You constrict the orc, but do no damage.
The orc hits you with a +0 hand axe.
You hit the orc.
You kill the orc!
An orc priest comes into view. It is wielding a +0 short sword.
A ball python comes into view.
The orc priest looks braver for a moment.
The orc hits you with a +0 morningstar.
Things that are here:
a +0 hand axe; a +0 ring mail
Casting: Scorch (safe; 4% risk of failure)
Confirm with . or Enter, or press ? or * to list all spells.
Flames lash the orc.
You kill the orc!
Unknown command.
The orc priest calls down the wrath of Beogh upon you.
Beogh smites you!
Ouch! That really hurt!
* * * LOW HITPOINT WARNING * * *
You hit the ball python.
You kill the ball python!
The orc priest invokes the aid of Beogh against you.
Pain shoots through your body!
You die...

#
##....(..[>#
#
##........#
. #.##.....#
. #†####.###
# #.####.#
#......###
#####....#
##.#.# #.#@#
#.#)# #.#.#
#.#.##
#...o#
###....#
##.### #.#
#.#


You could see an orc priest.

Vanquished Creatures
  An adder (D:2)
  2 orcs (D:3)
  8 ball pythons
  3 bats
  A giant cockroach (D:1)
  2 goblins (D:2)
  7 hobgoblins
  A frilled lizard (D:3)
  5 kobolds
  4 rats
34 creatures vanquished.

Vanquished Creatures (others)
  30 foxfires
30 creatures vanquished.

Grand Total: 64 creatures vanquished

Notes
Turn   | Place    | Note
-------+----------+-------------------------------------------
     0 | D:1      | Sabo the Octopode Fire Elementalist began the quest for the
                  | Orb.
     0 | D:1      | Reached XP level 1. HP: 11/11 MP: 3/3
   261 | D:1      | Reached XP level 2. HP: 17/17 MP: 1/5
  1532 | D:2      | Reached XP level 3. HP: 19/21 MP: 3/6
  1559 | D:2      | Learned a level 2 spell: Scorch
  2284 | D:3      | Killed from afar by an orc priest

Illustrated notes

Levels and vault maps discovered:
D:1:      dpeg_arrival_rooms_b, layout_loops_ring
D:2:      layout_loops_ring
D:3:      layout_loops_ring, nicolae_kikubaaqudgha_miasma_corner, minitemple,
          minmay_misc_feat_enclosed, chequers_serial_rivers_micro_c,
          uniq_jessica

Action                   || total
-------------------------++-------
Melee: Club              ||     2
       Constrict         ||     6
       Tentacles         ||     3
       Unarmed           ||     1
       Short sword       ||    12
       Mace              ||     2
       Dagger            ||     9
 Cast: Foxfire           ||    17
       Scorch            ||    12
  Use: Scroll            ||     5
 Stab: Sleeping          ||     2
Armor: Skin              ||     2
Dodge: Dodged            ||    10

Table legend: (Time is in decaauts)
 A = Elapsed time spent in this place.
 B = Non-inter-level travel time spent in this place.
 C = Inter-level travel time spent in this place.
 D = Time resting spent in this place.
 E = Time spent auto-exploring this place.
 F = Levels seen in this place.
 G = Mean time per level.
                   A        B        C        D        E       F      G
               +--------+--------+--------+--------+--------+-----+--------+
         Total |   2279 |   2279 |      0 |    466 |      0 |   3 |  759.7 |
       Dungeon |   2279 |   2279 |      0 |    466 |      0 |   3 |  759.7 |
               +--------+--------+--------+--------+--------+-----+--------+

Top non-repeatable levels by time:
     D:1: 1064 daAuts
     D:2: 1038 daAuts
     D:3: 176 daAuts
